 Dungeon Crawl Stone Soup version 0.29-a0-330-g52719c12eb (webtiles) character file.

Game seed: 16975717590550142129

135 kae the Firebug (level 5, -4/49 HPs)
             Began as an Octopode Fire Elementalist on Apr 18, 2022.
             Slain by Grinder (7 damage)
             ... on level 4 of the Dungeon.
             The game lasted 00:01:22 (4310 turns).

kae the Firebug (Octopode Fire Elementalist)        Turns: 4310, Time: 00:01:23

Health: -4/49      AC:  1    Str:  7    XL:     5   Next: 18%
Magic:  2/8        EV: 13    Int: 20    God:
Gold:   136        SH:  3    Dex: 12    Spells: 3/9 levels left

rFire   + . .      SeeInvis .   j - staff of fire
rCold   . . .      Faith    .   c - +0 buckler
rNeg    + . .      Spirit   .   (helmet restricted)
rPois   .          Reflect  .   (no amulet)
rElec   .          Harm     .   b - ring of willpower
rCorr   .          Rampage  .   f - ring of positive energy
Will    +....                   (no ring)
Stlth   ..........              (no ring)
HPRegen 0.16/turn               (no ring)
MPRegen 0.11/turn               (no ring)
                                (no ring)
                                (no ring)

@: berserking, very quick
A: almost no armour, amphibious, 8 rings, camouflage 1, gelatinous body 1,
(nimble swimmer 1), tentacles
a: no special abilities


You were on level 4 of the Dungeon.
You visited 1 branch of the dungeon, and saw 4 of its levels.

You collected 136 gold pieces.

Inventory:

Armour
 c - a +0 buckler (worn)
Magical Staves
 j - a staff of fire (weapon)
Jewellery
 b - a ring of willpower (left tentacle)
 f - a ring of positive energy (right tentacle)
 m - a +6 ring of dexterity
Wands
 o - a wand of paralysis (4)
Scrolls
 d - 5 scrolls of identify
 e - 2 scrolls of immolation
 h - 2 scrolls of magic mapping {unknown}
 k - a scroll of fog {unknown}
 q - a scroll of teleportation {unknown}
Potions
 a - a potion of magic
 i - a potion of attraction {unknown}
 l - a potion of heal wounds {unknown}
 n - a potion of mutation {unknown}
 p - 2 potions of curing {unknown}
 r - a potion of brilliance {unknown}


   Skills:
 + Level 1.3 Fighting
 + Level 0.6 Staves
 + Level 2.5 Dodging
 + Level 3.7 Stealth
 + Level 2.5 Spellcasting
 + Level 1.8 Conjurations
 * Level 3.9 Fire Magic
 + Level 0.4 Evocations


You had 3 spell levels left.
You knew the following spells:

 Your Spells              Type           Power      Damage    Failure   Level
a - Foxfire               Conj/Fire      84%        2x1d8     6%          1
b - Scorch                Fire           54%        2d7       6%          2
c - Conjure Flame         Conj/Fire      21%        6-21      19%         3

Your spell library contained the following spells:

 Spells                   Type           Power      Damage    Failure   Level
 Inner Flame              Hex/Fire       15%        N/A       26%         3
 Flame Wave               Conj/Fire      21%        2d7       52%         4


Dungeon Overview and Level Annotations

Branches:
Dungeon (4/15)
 Temple: D:4-7

Altars:

Annotations:
D:4 Grinder


Innate Abilities, Weirdness & Mutations

You cannot wear most types of armour.
You are amphibious.
You can wear up to eight rings at the same time.
Your skin changes colour to match your surroundings (Stealth+).
Your rubbery body absorbs attacks. (AC +1, EV +1)
((You are camouflaged when in or above water. (Stealth+)))
You have tentacles for arms and can constrict up to eight enemies at once.


Message History

You feel a surge of power!
You conjure some foxfire!
The foxfire hits the iguana but does no damage.
The foxfire hits the iguana.
The iguana is moderately wounded.
The foxfire hits Grinder.
Grinder is lightly wounded.
The foxfire hits Grinder.
Grinder is lightly wounded.
Grinder hits you.
You writhe in agony.
Your magical contamination has completely faded away.
Casting: Foxfire (safe; 6% risk of failure)
Confirm with . or Enter, or press ? or * to list all spells.
You feel a surge of power!
You conjure some foxfire!
Grinder hits you!
You writhe in agony.
The foxfire hits Grinder but does no damage.
Grinder is lightly wounded.
The foxfire hits Grinder.
Grinder is lightly wounded.
Grinder gestures at you.
You suddenly lose the ability to move!
Grinder hits you.
You writhe in agony.
Grinder gestures at you. You resist with almost no effort.
The iguana bites you.
* * * LOW HITPOINT WARNING * * *
Grinder hits you.
* * * LOW HITPOINT WARNING * * *
You writhe in agony.
* * * LOW HITPOINT WARNING * * *
The iguana completely misses you.
You can move again.
Unknown command.
Unknown command.
Unknown command.
Okay, then.
It was a potion of berserk rage.
A red film seems to cover your vision as you go berserk!
You feel yourself moving faster!
You feel mighty!
Grinder says, "Just stop there for a second..."
Grinder hits you!
You die...

..................<...
...........#............
...........#.....)......
.....#.#.###............
.....#.#...# ...........
....#..###.#.#..ยง......
....#.## #.#....#..#.##
....#.# #.# #.5l....#.
......# #.####.@......<
.....## #..##..........
.....# ##.##..........
..#### #.##.......... ###
#..#..........#
############.#..........#
........................#
############......[.....#
########..............#


You could see Grinder and an iguana.

Vanquished Creatures
  An orc priest (D:3)
  4 adders
  An ufetubus (D:4)
  2 worms
  A dart slug (D:1)
  2 orcs (D:3)
  9 ball pythons
  3 endoplasms
  2 hobgoblins (D:1)
  7 jackals
  3 quokkas
  3 bats
  3 frilled lizards
  7 goblins
  3 kobolds
  4 rats
55 creatures vanquished.

Vanquished Creatures (others)
  154 foxfires
154 creatures vanquished.

Grand Total: 209 creatures vanquished

Notes
Turn   | Place    | Note
-------+----------+-------------------------------------------
     0 | D:1      | kae the Octopode Fire Elementalist began the quest for the
                  | Orb.
     0 | D:1      | Reached XP level 1. HP: 11/11 MP: 3/3
   377 | D:1      | Reached XP level 2. HP: 17/17 MP: 1/5
  1303 | D:2      | Reached XP level 3. HP: 15/22 MP: 4/6
  1849 | D:2      | Found a faded altar of an unknown god.
  2186 | D:2      | Reached skill level 1 in Fighting
  2262 | D:2      | Reached XP level 4. HP: 27/28 MP: 5/7
  3035 | D:3      | Learned a level 2 spell: Scorch
  3039 | D:3      | Learned a level 3 spell: Conjure Flame
  3466 | D:3      | Reached XP level 5. HP: 33/33 MP: 3/8
  4290 | D:4      | Noticed Grinder
  4306 | D:4      | Paralysed by Grinder for 4 turns
  4310 | D:4      | Slain by Grinder

Illustrated notes

Levels and vault maps discovered:
D:1:      psy_arrival_heroes, layout_basic
D:2:      layout_basic, shapermc_ecumenical_altar_venn
D:3:      layout_basic
D:4:      layout_rooms, okawaru_gym_becter, uniq_grinder

Skill      XL: |  1  2  3 |
---------------+----------+-----
Stealth        | 3 |  3.7
Fighting       | 1 |  1.3
Staves         | |  0.6
Dodging        | |  2.5
Spellcasting   | |  2.5
Conjurations   | |  1.8
Fire Magic     | |  3.9
Evocations     | |  0.4

Action                   |  1- 3 |  4- 6 || total
-------------------------+-------+-------++-------
Melee: Unarmed           |    34 |     8 ||    42
       Tentacles         |    12 |     1 ||    13
       Constrict         |    12 |     3 ||    15
       Staff             |       |     3 ||     3
 Cast: Foxfire           |    49 |    46 ||    95
       Scorch            |       |     3 ||     3
  Use: Scroll            |     4 |       ||     4
       Potion            |       |     1 ||     1
 Stab: Sleeping          |     2 |       ||     2
       Distracted        |     1 |       ||     1
Armor: Skin              |     4 |     4 ||     8
Dodge: Dodged            |    28 |    19 ||    47
Block: Buckler           |       |     3 ||     3

Table legend: (Time is in decaauts)
 A = Elapsed time spent in this place.
 B = Non-inter-level travel time spent in this place.
 C = Inter-level travel time spent in this place.
 D = Time resting spent in this place.
 E = Time spent auto-exploring this place.
 F = Levels seen in this place.
 G = Mean time per level.
                   A        B        C        D        E       F      G
               +--------+--------+--------+--------+--------+-----+--------+
         Total |   4309 |   4202 |    107 |     67 |   3663 |   4 | 1077.2 |
       Dungeon |   4309 |   4202 |    107 |     67 |   3663 |   4 | 1077.2 |
               +--------+--------+--------+--------+--------+-----+--------+

Top non-repeatable levels by time:
     D:2: 1669 daAuts
     D:1: 1175 daAuts
     D:3: 1174 daAuts
     D:4: 290 daAuts
